Golden Knights vs Islanders
Created - May 16, 2024 at 20:38
Goals
|
| Golden Knights |
2 |
2 |
1 |
5 |
| Islanders |
0 |
0 |
1 |
1 |
|
Shots
|
| Golden Knights |
7 |
13 |
15 |
35 |
| Islanders |
7 |
6 |
13 |
26 |
|
1st period
1. Golden Knights , Brendan Gallagher 1 (Andrei Loktionov 3, Zach Bogosian 1) at 5:12
2. Golden Knights , Andrei Loktionov 3 (Zach Bogosian 2, Brendan Gallagher 4) at 5:36 (PP)
Penalties :
Brayden McNabb (NyI) for High sticking (Minor) at 2:29, Brock McGinn (NyI) for Interference (Minor) at 5:19, Michael Latta (NyI) for Holding (Minor) at 9:32, Brady Skjei (Veg) for Tripping (Minor) at 16:21
2nd period
3. Golden Knights , Brady Skjei 1 (Zach Bogosian 3, Marcus Johansson 3) at 2:07 (PP)
4. Golden Knights , Andrew Cogliano 1 (Christopher Tanev 1) at 3:58
Penalties :
Jason Spezza (NyI) for Tripping (Minor) at 0:48, Brady Skjei (Veg) for Holding (Minor) at 4:11, Anze Kopitar (NyI) for Roughing (Minor) at 9:25
3rd period
5. Islanders , Jason Spezza 1 (Dylan McIlrath 1, Adam Fox 2) at 2:36
6. Golden Knights , Marcus Johansson 2 (Brendan Gallagher 5, Andrei Loktionov 4) at 9:40
Penalties :
Andrew Shaw (NyI) for Interference (Minor) at 5:08, Brayden Schenn (NyI) for Cross-checking (Minor) at 14:09, Andrei Loktionov (Veg) for Tripping (Minor) at 19:59
Goalie Stats
Cam Ward (Veg), 25 saves from 26 shots - (0.962), W, 2-1-0, 60:00 minutes
Joonas Korpisalo (NyI), 22 saves from 23 shots - (0.957), 36:02 minutes
Tyler Weiman (NyI), 8 saves from 12 shots - (0.667), L, 1-2-0, 23:58 minutes
Players Stats for Golden Knights
Player Name G A P +/- PIM S H SB GA TA FO MP PP MP PK MP
------------------------------------------------------------------------------------
Alex Tuch 0 0 0 0 0 1 1 0 0 0 0/0 15:10 4:42 0:56
Andrei Loktionov 1 2 3 2 2 4 0 3 0 0 17/34 22:15 6:49 2:29
Andrew Cogliano 1 0 1 0 0 1 1 0 0 0 0/1 19:27 4:30 1:14
Anton Lindholm 0 0 0 1 0 0 0 0 0 0 0/0 12:52 0:00 1:38
Brady Skjei 1 0 1 1 4 7 1 2 2 0 0/0 24:33 7:37 0:00
Brandon Dubinsky 0 0 0 0 0 2 0 0 0 0 1/4 10:08 0:12 0:31
Brendan Gallagher 1 2 3 2 0 3 0 0 1 0 1/2 19:36 6:40 0:00
Christopher Tanev 0 1 1 0 0 0 2 1 0 0 0/0 21:38 3:54 1:24
Frederick Gaudreau 0 0 0 0 0 1 1 0 0 0 0/2 8:25 0:00 0:00
Jamie Oleksiak 0 0 0 1 0 1 1 0 0 0 0/0 11:25 0:00 0:56
JT Compher 0 0 0 0 0 1 0 0 0 0 0/0 8:36 0:09 0:00
Linus Omark 0 0 0 0 0 0 0 0 0 0 0/0 8:56 0:12 0:18
Marcus Johansson 1 1 2 2 0 5 1 0 0 0 0/0 22:16 6:49 2:29
Olli Maatta 0 0 0 0 0 0 0 3 0 0 0/0 20:38 3:54 0:24
Ryan Nugent-Hopkins 0 0 0 0 0 2 2 0 0 0 2/10 19:08 4:30 0:55
Tyler Bertuzzi 0 0 0 0 0 1 1 0 0 0 1/1 9:24 0:00 0:00
Zach Bogosian 0 3 3 1 0 4 3 2 1 0 0/0 27:57 7:37 2:38
Zach Hyman 0 0 0 0 0 2 2 0 0 0 0/0 13:35 0:00 0:00
Players Stats for Islanders
Player Name G A P +/- PIM S H SB GA TA FO MP PP MP PK MP
------------------------------------------------------------------------------------
Adam Fox 0 1 1 0 0 1 0 0 0 0 0/0 11:12 0:00 0:00
Andrew Shaw 0 0 0 0 2 3 0 1 0 0 0/0 9:52 0:00 0:00
Anze Kopitar 0 0 0 0 2 2 0 0 0 0 9/14 17:52 1:48 4:23
Brayden McNabb 0 0 0 -1 2 1 1 2 0 1 0/0 20:13 1:30 4:19
Brayden Schenn 0 0 0 -2 2 2 0 0 0 0 16/31 21:45 2:10 5:07
Brock McGinn 0 0 0 0 2 2 2 0 0 1 0/0 17:52 1:48 4:48
Dylan McIlrath 0 1 1 0 0 3 0 3 0 0 0/0 12:07 0:00 0:55
Emerson Etem 0 0 0 0 0 2 0 1 0 0 0/0 10:19 0:00 0:32
Jason Akeson 0 0 0 0 0 0 1 0 0 0 0/0 8:36 0:00 0:00
Jason Spezza 1 0 1 0 2 1 0 0 0 0 0/0 12:35 1:48 0:00
Kellan Lain 0 0 0 -2 0 1 0 0 0 1 1/1 22:04 2:10 6:11
Melker Karlsson 0 0 0 0 0 1 2 0 0 0 3/3 11:13 0:00 1:29
Michael Latta 0 0 0 0 2 3 1 0 0 0 2/4 10:47 0:00 0:32
Nikita Zadorov 0 0 0 -1 0 1 1 1 0 0 0/0 20:53 1:30 5:14
Ryan Ellis 0 0 0 -1 0 2 4 4 0 0 0/0 27:55 2:28 6:17
Sergei Plotnikov 0 0 0 0 0 0 1 0 0 0 0/0 9:44 0:00 0:00
Vladimir Tarasenko 0 0 0 -2 0 1 1 0 0 0 1/1 15:28 2:10 0:00
Yann Sauvé 0 0 0 -1 0 0 4 3 0 1 0/0 27:55 2:28 6:17
3 Stars
1 - Brendan Gallagher (Veg)
2 - Andrei Loktionov (Veg)
3 - Zach Bogosian (Veg)
Power Play
Golden Knights - 2 on 7 Attempt(s) - 28.57%
Islanders - 0 on 3 Attempt(s) - 0.00%
Penalty Kill
Golden Knights - 3 on 3 Attempt(s) - 100.00%
- Score 0 goal in Penalty Kill
Islanders - 5 on 7 Attempt(s) - 71.43%
- Score 0 goal in Penalty Kill
Team Stat
Golden Knights - Hits : 16 - Faceoff Wins : 22 - Blocked Shots : 11 - Penalty Minutes : 6
Islanders - Hits : 18 - Faceoff Wins : 32 - Blocked Shots : 15 - Penalty Minutes : 14
Official
Referees : Ghislain Hebert and Eric Furlatt
Linesman : Bevan Mills and Derek Amell
Game Notes
Joonas Korpisalo enters game at 3:58 of 2nd period
Finance
Level 1 -- Attendance: 6000 (100.00%) -- Ticket Income $600,000
Level 2 -- Attendance: 5000 (100.00%) -- Ticket Income $300,000
Level 3 -- Attendance: 2000 (100.00%) -- Ticket Income $70,000
Level 4 -- Attendance: 4000 (100.00%) -- Ticket Income $100,000
Luxury Box -- Attendance: 1000 (100.00%) -- Ticket Income $200,000
Game was played at the Nassau Coliseum.
Total Attendance: 18000 (100.00%)
Total Ticket Income: $1,270,000
Other Income: $190,500
Total Income: $1,460,500
Golden Knights
5 vs 5 Forward
Center Left Wing Right Wing Time % Phy DF OF
1 Andrei Loktionov Marcus Johansson Brendan Gallagher 40 0 2 3
2 Ryan Nugent-Hopkins Andrew Cogliano Zach Hyman 30 1 2 2
3 Brandon Dubinsky Tyler Bertuzzi Alex Tuch 20 1 2 2
4 Frederick Gaudreau Linus Omark JT Compher 10 1 2 2
5 vs 5 Defense
Defense Defense Time % Phy DF OF
1 Brady Skjei Zach Bogosian 40 1 1 3
2 Olli Maatta Christopher Tanev 30 1 2 2
3 Anton Lindholm Jamie Oleksiak 20 1 3 1
4 Brady Skjei Zach Bogosian 10 1 2 2
PowerPlay Forward
Center Left Wing Right Wing Time % Phy DF OF
1 Andrei Loktionov Marcus Johansson Brendan Gallagher 60 1 1 3
2 Ryan Nugent-Hopkins Andrew Cogliano Alex Tuch 40 1 1 3
PowerPlay Defense
Defense Defense Time % Phy DF OF
1 Brady Skjei Zach Bogosian 60 1 2 2
2 Olli Maatta Christopher Tanev 40 1 2 2
Penalty Kill 4 Players Forward
Center Wing Time % Phy DF OF
1 Andrei Loktionov Marcus Johansson 60 1 2 2
2 Ryan Nugent-Hopkins Andrew Cogliano 40 1 3 1
Penalty Kill 4 Players Defense
Defense Defense Time % Phy DF OF
1 Brady Skjei Zach Bogosian 60 1 2 2
2 Olli Maatta Christopher Tanev 40 1 3 1
Penalty Kill - 3 Players Forward
Forward Time % Phy DF OF
1 Andrei Loktionov 60 1 3 1
2 Ryan Nugent-Hopkins 40 0 4 1
Penalty Kill - 3 Players Defense
Defense Defense Time % Phy DF OF
1 Brady Skjei Zach Bogosian 60 1 3 1
2 Olli Maatta Christopher Tanev 40 1 3 1
4 vs 4 Forward
Center Wing Time % Phy DF OF
1 Andrei Loktionov Marcus Johansson 60 1 2 2
2 Ryan Nugent-Hopkins Andrew Cogliano 40 1 2 2
4 vs 4 Defense
Defense Defense Time % Phy DF OF
1 Brady Skjei Zach Bogosian 60 1 2 2
2 Olli Maatta Christopher Tanev 40 1 2 2
Last Minutes Offensive
Center Left Wing Right Wing Defense Defense
Andrei Loktionov Marcus Johansson Brendan Gallagher Brady Skjei Zach Bogosian
Last Minutes Defensive
Center Left Wing Right Wing Defense Defense
Andrei Loktionov Marcus Johansson Brendan Gallagher Brady Skjei Zach Bogosian
Goaltenders
Starting : Cam Ward
Backup : Laurent Brossoit
Extra Forwards
Normal : Andrew Cogliano, Alex Tuch, Zach Hyman - PP : Andrew Cogliano, Alex Tuch - PK : Andrew Cogliano
Extra Defensemen
Normal : Christopher Tanev, Anton Lindholm, Jamie Oleksiak - PP : Christopher Tanev - PK : Christopher Tanev, Anton Lindholm
Penalty Shots
Brendan Gallagher, Andrei Loktionov, Ryan Nugent-Hopkins, Marcus Johansson, Andrew Cogliano
Custom OT Lines Forwards
Brendan Gallagher, Andrei Loktionov, Ryan Nugent-Hopkins, Marcus Johansson, Andrew Cogliano, Alex Tuch, Zach Hyman, Tyler Bertuzzi, JT Compher, Linus Omark
Custom OT Lines Defensemen
Brady Skjei, Zach Bogosian, Olli Maatta, Christopher Tanev, Anton Lindholm
Scratches
Gabriel Bourque (Healthy), Jonathan Marchessault (Healthy), Philip Larsen (Healthy)
Islanders
5 vs 5 Forward
Center Left Wing Right Wing Time % Phy DF OF
1 Brayden Schenn Kellan Lain Vladimir Tarasenko 40 1 2 2
2 Anze Kopitar Brock McGinn Jason Spezza 30 1 2 2
3 Michael Latta Emerson Etem Jason Akeson 20 1 2 2
4 Melker Karlsson Sergei Plotnikov Andrew Shaw 10 1 2 2
5 vs 5 Defense
Defense Defense Time % Phy DF OF
1 Ryan Ellis Yann Sauvé 40 1 2 2
2 Nikita Zadorov Brayden McNabb 30 1 2 2
3 Dylan McIlrath Adam Fox 20 1 2 2
4 Ryan Ellis Yann Sauvé 10 1 2 2
PowerPlay Forward
Center Left Wing Right Wing Time % Phy DF OF
1 Brayden Schenn Kellan Lain Vladimir Tarasenko 60 1 2 2
2 Anze Kopitar Brock McGinn Jason Spezza 40 1 2 2
PowerPlay Defense
Defense Defense Time % Phy DF OF
1 Ryan Ellis Yann Sauvé 60 1 2 2
2 Nikita Zadorov Brayden McNabb 40 1 2 2
Penalty Kill 4 Players Forward
Center Wing Time % Phy DF OF
1 Brayden Schenn Kellan Lain 60 1 2 2
2 Anze Kopitar Brock McGinn 40 1 2 2
Penalty Kill 4 Players Defense
Defense Defense Time % Phy DF OF
1 Ryan Ellis Yann Sauvé 60 1 2 2
2 Nikita Zadorov Brayden McNabb 40 1 2 2
Penalty Kill - 3 Players Forward
Forward Time % Phy DF OF
1 Brayden Schenn 60 1 2 2
2 Anze Kopitar 40 1 2 2
Penalty Kill - 3 Players Defense
Defense Defense Time % Phy DF OF
1 Ryan Ellis Yann Sauvé 60 1 2 2
2 Nikita Zadorov Brayden McNabb 40 1 2 2
4 vs 4 Forward
Center Wing Time % Phy DF OF
1 Brayden Schenn Kellan Lain 60 1 2 2
2 Anze Kopitar Brock McGinn 40 1 2 2
4 vs 4 Defense
Defense Defense Time % Phy DF OF
1 Ryan Ellis Yann Sauvé 60 1 2 2
2 Nikita Zadorov Brayden McNabb 40 1 2 2
Last Minutes Offensive
Center Left Wing Right Wing Defense Defense
Brayden Schenn Kellan Lain Vladimir Tarasenko Ryan Ellis Yann Sauvé
Last Minutes Defensive
Center Left Wing Right Wing Defense Defense
Brayden Schenn Kellan Lain Vladimir Tarasenko Ryan Ellis Yann Sauvé
Goaltenders
Starting : Tyler Weiman
Backup : Joonas Korpisalo
Extra Forwards
Normal : Kellan Lain, Brock McGinn, Emerson Etem - PP : Kellan Lain, Brock McGinn - PK : Kellan Lain
Extra Defensemen
Normal : Brayden McNabb, Dylan McIlrath, Adam Fox - PP : Brayden McNabb - PK : Brayden McNabb, Dylan McIlrath
Penalty Shots
Vladimir Tarasenko, Brayden Schenn, Anze Kopitar, Jason Spezza, Kellan Lain
Custom OT Lines Forwards
Vladimir Tarasenko, Brayden Schenn, Anze Kopitar, Jason Spezza, Kellan Lain, Brock McGinn, Emerson Etem, Michael Latta, Jason Akeson, Melker Karlsson
Custom OT Lines Defensemen
Ryan Ellis, Yann Sauvé, Nikita Zadorov, Brayden McNabb, Dylan McIlrath
Scratches
Ben Johnson (Healthy), Gabriel Carlsson (Healthy), Garnet Hathaway (Healthy), James Livingstone (Healthy)
% Time on Ice - Golden Knights
Lines # - Real PCT - Wanted PCT - Time Play
Normal Forward
1 - 29% - 40% - 12:59
2 - 31% - 30% - 13:43
3 - 21% - 20% - 9:24
4 - 19% - 10% - 8:25
Normal Defense
1 - 40% - 40% - 17:42
2 - 37% - 30% - 16:20
3 - 24% - 20% - 10:29
4 - 0% - 10% - 0:00
PP Forward
1 - 59% - 60% - 6:49
2 - 41% - 40% - 4:42
PP Defense
1 - 66% - 60% - 7:37
2 - 34% - 40% - 3:54
PK Forward
1 - 77% - 60% - 3:03
2 - 23% - 40% - 0:55
PK Defense
1 - 90% - 60% - 3:34
2 - 10% - 40% - 0:24
PK3 Forward
1 - 0% - 60%
2 - 0% - 40%
PK3 Defense
1 - 0% - 60%
2 - 0% - 40%
44 Forward
1 - 0% - 60%
2 - 0% - 40%
44 Defense
1 - 0% - 60%
2 - 0% - 40%
Last Minute Offensive - 0:00
Last Minute Defensive - 0:00
Total
Forward - 60:00
Defense - 60:00
|
% Time on Ice - Islanders
Lines # - Real PCT - Wanted PCT - Time Play
Normal Forward
1 - 35% - 40% - 15:23
2 - 24% - 30% - 10:48
3 - 19% - 20% - 8:36
4 - 22% - 10% - 9:44
Normal Defense
1 - 42% - 40% - 18:29
2 - 32% - 30% - 14:09
3 - 25% - 20% - 11:12
4 - 2% - 10% - 0:41
PP Forward
1 - 55% - 60% - 2:10
2 - 45% - 40% - 1:48
PP Defense
1 - 62% - 60% - 2:28
2 - 38% - 40% - 1:30
PK Forward
1 - 76% - 60% - 8:48
2 - 24% - 40% - 2:43
PK Defense
1 - 55% - 60% - 6:17
2 - 45% - 40% - 5:14
PK3 Forward
1 - 0% - 60%
2 - 0% - 40%
PK3 Defense
1 - 0% - 60%
2 - 0% - 40%
44 Forward
1 - 0% - 60%
2 - 0% - 40%
44 Defense
1 - 0% - 60%
2 - 0% - 40%
Last Minute Offensive - 0:00
Last Minute Defensive - 0:00
Total
Forward - 60:00
Defense - 60:00
|
Play-by-Play
1st period
0:01 of 1st period - Brayden Schenn wins face-off versus Andrei Loktionov in neutral zone.
1:13 of 1st period - Snap shot by JT Compher.
1:13 of 1st period - Shot Blocked by Yann Sauvé.
1:50 of 1st period - Off-side.
1:51 of 1st period - Andrei Loktionov wins face-off versus Anze Kopitar in neutral zone.
2:29 of 1st period - Minor Penalty to Brayden McNabb for High sticking.
2:30 of 1st period - Brayden Schenn wins face-off versus Andrei Loktionov in Islanders zone.
3:54 of 1st period - Icing by Andrew Cogliano.
3:55 of 1st period - Anze Kopitar wins face-off versus Ryan Nugent-Hopkins in Golden Knights zone.
3:58 of 1st period - Wrist shot by Brock McGinn.
3:58 of 1st period - Stopped by Cam Ward without a rebound.
3:59 of 1st period - Anze Kopitar wins face-off versus Andrei Loktionov in Golden Knights zone.
4:06 of 1st period - Wrist shot by Anze Kopitar.
4:06 of 1st period - Stopped by Cam Ward with a rebound.
4:29 of 1st period - Penalty to Brayden McNabb is over, Brayden McNabb is back on ice.
4:56 of 1st period - Slapshot by Ryan Ellis.
4:56 of 1st period - Stopped by Cam Ward without a rebound.
4:57 of 1st period - Brayden Schenn wins face-off versus Andrei Loktionov in Golden Knights zone.
5:12 of 1st period - Snap shot by Brendan Gallagher.
5:12 of 1st period - Goal by Brendan Gallagher - Golden Knights : 1 - Islanders : 0.
5:13 of 1st period - Andrei Loktionov wins face-off versus Anze Kopitar in neutral zone.
5:19 of 1st period - Minor Penalty to Brock McGinn for Interference.
5:20 of 1st period - Andrei Loktionov wins face-off versus Brayden Schenn in Islanders zone.
5:20 of 1st period - Backhand shot by Brendan Gallagher.
5:20 of 1st period - Shot Blocked by Ryan Ellis.
5:22 of 1st period - Slapshot by Brady Skjei.
5:22 of 1st period - Stopped by Tyler Weiman with a rebound.
5:24 of 1st period - Snap shot by Zach Bogosian.
5:24 of 1st period - Shot Misses the Net.
5:26 of 1st period - Slapshot by Zach Bogosian.
5:26 of 1st period - Shot Misses the Net.
5:28 of 1st period - Wrist shot by Brendan Gallagher.
5:28 of 1st period - Shot Misses the Net.
5:32 of 1st period - Wrist shot by Brendan Gallagher.
5:32 of 1st period - Shot Blocked by Ryan Ellis.
5:34 of 1st period - Slapshot by Zach Bogosian.
5:34 of 1st period - Shot Misses the Net.
5:36 of 1st period - Wrist shot by Andrei Loktionov.
5:36 of 1st period - Goal by Andrei Loktionov - Golden Knights : 2 - Islanders : 0.
5:37 of 1st period - Anze Kopitar wins face-off versus Brendan Gallagher in neutral zone.
5:40 of 1st period - Brady Skjei is hit by Brock McGinn and loses puck.
6:03 of 1st period - Brayden Schenn is hit by Ryan Nugent-Hopkins and loses puck.
7:34 of 1st period - Zach Bogosian is hit by Ryan Ellis.
8:12 of 1st period - Brayden McNabb is hit by Frederick Gaudreau and loses puck.
8:25 of 1st period - Wrist shot by JT Compher.
8:25 of 1st period - Shot Misses the Net.
9:32 of 1st period - Minor Penalty to Michael Latta for Holding.
9:33 of 1st period - Brayden Schenn wins face-off versus Andrei Loktionov in Islanders zone.
11:32 of 1st period - Penalty to Michael Latta is over, Michael Latta is back on ice.
12:53 of 1st period - Slapshot by Ryan Nugent-Hopkins.
12:53 of 1st period - Deflect By Zach Hyman.
12:53 of 1st period - Stopped by Tyler Weiman without a rebound.
12:54 of 1st period - Melker Karlsson wins face-off versus Ryan Nugent-Hopkins in Islanders zone.
13:40 of 1st period - Slapshot by JT Compher.
13:40 of 1st period - Shot Misses the Net.
13:48 of 1st period - Slapshot by Emerson Etem.
13:48 of 1st period - Stopped by Cam Ward with a rebound.
13:50 of 1st period - Wrist shot by Jason Akeson.
13:50 of 1st period - Shot Blocked by Brady Skjei.
14:00 of 1st period - Melker Karlsson is hit by Zach Bogosian and loses puck.
15:13 of 1st period - Slapshot by Michael Latta.
15:13 of 1st period - Shot Misses the Net.
15:45 of 1st period - Anze Kopitar is hit by Marcus Johansson and loses puck.
16:04 of 1st period - Zach Bogosian is hit by Sergei Plotnikov and loses puck.
16:21 of 1st period - Minor Penalty to Brady Skjei for Tripping.
16:22 of 1st period - Andrei Loktionov wins face-off versus Brayden Schenn in Golden Knights zone.
16:57 of 1st period - Snap shot by Brock McGinn.
16:57 of 1st period - Shot Blocked by Andrei Loktionov.
16:59 of 1st period - Backhand shot by Nikita Zadorov.
16:59 of 1st period - Deflect By Zach Bogosian.
16:59 of 1st period - Stopped by Cam Ward with a rebound.
17:13 of 1st period - Wrist shot by Andrew Cogliano.
17:13 of 1st period - Shot Blocked by Nikita Zadorov.
17:53 of 1st period - Snap shot by Andrew Cogliano.
17:53 of 1st period - Shot Misses the Net.
18:21 of 1st period - Penalty to Brady Skjei is over, Brady Skjei is back on ice.
18:51 of 1st period - Snap shot by Sergei Plotnikov.
18:51 of 1st period - Shot Blocked by Andrei Loktionov.
18:53 of 1st period - Slapshot by Dylan McIlrath.
18:53 of 1st period - Deflect By Marcus Johansson.
18:53 of 1st period - Stopped by Cam Ward with a rebound.
19:09 of 1st period - Slapshot by Zach Bogosian.
19:09 of 1st period - Shot Misses the Net.
19:21 of 1st period - Slapshot by Zach Bogosian.
19:21 of 1st period - Stopped by Tyler Weiman with a rebound.
19:23 of 1st period - Slapshot by Zach Bogosian.
19:23 of 1st period - Shot Misses the Net.
19:25 of 1st period - Snap shot by Frederick Gaudreau.
19:25 of 1st period - Shot Blocked by Yann Sauvé.
19:27 of 1st period - Slapshot by Brady Skjei.
19:27 of 1st period - Stopped by Tyler Weiman with a rebound.
19:29 of 1st period - Snap shot by Frederick Gaudreau.
19:29 of 1st period - Stopped by Tyler Weiman without a rebound.
19:30 of 1st period - Anze Kopitar wins face-off versus Brandon Dubinsky in Islanders zone.
19:37 of 1st period - Wrist shot by Anze Kopitar.
19:37 of 1st period - Stopped by Cam Ward with a rebound.
Goals for this period are 2 for Golden Knights vs 0 for Islanders.
Shots for this period are 7 for Golden Knights vs 7 for Islanders.
2nd period
0:01 of 2nd period - Brayden Schenn wins face-off versus Andrei Loktionov in neutral zone.
0:06 of 2nd period - Zach Bogosian is hit by Yann Sauvé and loses puck.
0:48 of 2nd period - Minor Penalty to Jason Spezza for Tripping.
0:49 of 2nd period - Brayden Schenn wins face-off versus Andrei Loktionov in Islanders zone.
0:59 of 2nd period - Snap shot by Marcus Johansson.
0:59 of 2nd period - Stopped by Tyler Weiman with a rebound.
1:01 of 2nd period - Slapshot by Zach Bogosian.
1:01 of 2nd period - Deflect By Marcus Johansson.
1:01 of 2nd period - Stopped by Tyler Weiman without a rebound.
1:02 of 2nd period - Brayden Schenn wins face-off versus Andrei Loktionov in Islanders zone.
2:03 of 2nd period - Wrist shot by Brady Skjei.
2:03 of 2nd period - Shot Misses the Net.
2:05 of 2nd period - Backhand shot by Zach Bogosian.
2:05 of 2nd period - Shot Misses the Net.
2:07 of 2nd period - Wrist shot by Brady Skjei.
2:07 of 2nd period - Goal by Brady Skjei - Golden Knights : 3 - Islanders : 0.
2:08 of 2nd period - Ryan Nugent-Hopkins wins face-off versus Anze Kopitar in neutral zone.
2:11 of 2nd period - Ryan Ellis is hit by Zach Hyman and loses puck.
2:40 of 2nd period - Snap shot by Alex Tuch.
2:40 of 2nd period - Stopped by Tyler Weiman without a rebound.
2:41 of 2nd period - Brayden Schenn wins face-off versus Brandon Dubinsky in Islanders zone.
3:08 of 2nd period - Tyler Bertuzzi is hit by Michael Latta and loses puck.
3:21 of 2nd period - Snap shot by Michael Latta.
3:21 of 2nd period - Stopped by Cam Ward without a rebound.
3:22 of 2nd period - Andrei Loktionov wins face-off versus Brayden Schenn in Golden Knights zone.
3:41 of 2nd period - Ryan Ellis is hit by Christopher Tanev and loses puck.
3:58 of 2nd period - Snap shot by Andrew Cogliano.
3:58 of 2nd period - Goal by Andrew Cogliano - Golden Knights : 4 - Islanders : 0.
3:58 of 2nd period - Joonas Korpisalo enters game.
3:59 of 2nd period - Andrei Loktionov wins face-off versus Brayden Schenn in neutral zone.
4:11 of 2nd period - Minor Penalty to Brady Skjei for Holding.
4:12 of 2nd period - Andrei Loktionov wins face-off versus Brayden Schenn in Golden Knights zone.
4:54 of 2nd period - Snap shot by Ryan Nugent-Hopkins.
4:54 of 2nd period - Deflect By Andrew Cogliano.
4:54 of 2nd period - Shot Misses the Net.
4:54 of 2nd period - Puck is out of play.
4:55 of 2nd period - Brayden Schenn wins face-off versus Andrei Loktionov in Islanders zone.
5:11 of 2nd period - Snap shot by Brayden Schenn.
5:11 of 2nd period - Stopped by Cam Ward without a rebound.
5:12 of 2nd period - Andrei Loktionov wins face-off versus Brayden Schenn in Golden Knights zone.
6:01 of 2nd period - Brock McGinn is hit by Zach Bogosian and loses puck.
6:11 of 2nd period - Penalty to Brady Skjei is over, Brady Skjei is back on ice.
6:14 of 2nd period - Wrist shot by Zach Bogosian.
6:14 of 2nd period - Stopped by Joonas Korpisalo with a rebound.
6:54 of 2nd period - Off-side.
6:55 of 2nd period - Melker Karlsson wins face-off versus Frederick Gaudreau in neutral zone.
7:20 of 2nd period - Zach Hyman is hit by Yann Sauvé and loses puck.
7:41 of 2nd period - Wrist shot by Melker Karlsson.
7:41 of 2nd period - Stopped by Cam Ward with a rebound.
7:47 of 2nd period - Wrist shot by Andrew Shaw.
7:47 of 2nd period - Stopped by Cam Ward with a rebound.
8:53 of 2nd period - Snap shot by Melker Karlsson.
8:53 of 2nd period - Shot Misses the Net.
8:55 of 2nd period - Slapshot by Adam Fox.
8:55 of 2nd period - Shot Blocked by Christopher Tanev.
8:57 of 2nd period - Slapshot by Adam Fox.
8:57 of 2nd period - Shot Blocked by Olli Maatta.
8:59 of 2nd period - Slapshot by Dylan McIlrath.
8:59 of 2nd period - Stopped by Cam Ward without a rebound.
9:00 of 2nd period - Andrei Loktionov wins face-off versus Brayden Schenn in Golden Knights zone.
9:00 of 2nd period - Andrei Loktionov is hit by Vladimir Tarasenko.
9:14 of 2nd period - Snap shot by Marcus Johansson.
9:14 of 2nd period - Shot Misses the Net.
9:16 of 2nd period - Slapshot by Brady Skjei.
9:16 of 2nd period - Stopped by Joonas Korpisalo without a rebound.
9:17 of 2nd period - Andrei Loktionov wins face-off versus Anze Kopitar in Islanders zone.
9:20 of 2nd period - Wrist shot by Brendan Gallagher.
9:20 of 2nd period - Shot Misses the Net.
9:22 of 2nd period - Slapshot by Brady Skjei.
9:22 of 2nd period - Stopped by Joonas Korpisalo without a rebound.
9:23 of 2nd period - Anze Kopitar wins face-off versus Andrei Loktionov in Islanders zone.
9:25 of 2nd period - Minor Penalty to Anze Kopitar for Roughing.
9:26 of 2nd period - Brayden Schenn wins face-off versus Andrei Loktionov in Islanders zone.
11:06 of 2nd period - Alex Tuch is hit by Melker Karlsson and loses puck.
11:25 of 2nd period - Penalty to Anze Kopitar is over, Anze Kopitar is back on ice.
11:47 of 2nd period - Linus Omark is hit by Melker Karlsson and loses puck.
13:43 of 2nd period - Andrew Cogliano is hit by Yann Sauvé and loses puck.
13:50 of 2nd period - Wrist shot by Brayden Schenn.
13:50 of 2nd period - Shot Misses the Net.
14:11 of 2nd period - Icing by Michael Latta.
14:12 of 2nd period - Tyler Bertuzzi wins face-off versus Michael Latta in Islanders zone.
14:13 of 2nd period - Snap shot by Brandon Dubinsky.
14:13 of 2nd period - Stopped by Joonas Korpisalo without a rebound.
14:14 of 2nd period - Andrei Loktionov wins face-off versus Brayden Schenn in Islanders zone.
14:23 of 2nd period - Wrist shot by Vladimir Tarasenko.
14:23 of 2nd period - Stopped by Cam Ward with a rebound.
15:06 of 2nd period - Icing by Brandon Dubinsky.
15:07 of 2nd period - Brandon Dubinsky wins face-off versus Brayden Schenn in Golden Knights zone.
15:12 of 2nd period - Slapshot by Zach Bogosian.
15:12 of 2nd period - Deflect By Tyler Bertuzzi.
15:12 of 2nd period - Stopped by Joonas Korpisalo with a rebound.
15:24 of 2nd period - Snap shot by Alex Tuch.
15:24 of 2nd period - Shot Blocked by Ryan Ellis.
16:48 of 2nd period - Slapshot by Marcus Johansson.
16:48 of 2nd period - Stopped by Joonas Korpisalo with a rebound.
17:04 of 2nd period - Backhand shot by Marcus Johansson.
17:04 of 2nd period - Stopped by Joonas Korpisalo without a rebound.
17:05 of 2nd period - Brayden Schenn wins face-off versus Ryan Nugent-Hopkins in Islanders zone.
17:54 of 2nd period - Slapshot by Linus Omark.
17:54 of 2nd period - Shot Misses the Net.
17:56 of 2nd period - Wrist shot by Jamie Oleksiak.
17:56 of 2nd period - Stopped by Joonas Korpisalo with a rebound.
17:58 of 2nd period - Slapshot by Anton Lindholm.
17:58 of 2nd period - Shot Blocked by Brayden McNabb.
18:00 of 2nd period - Wrist shot by Anton Lindholm.
18:00 of 2nd period - Shot Blocked by Brayden McNabb.
18:06 of 2nd period - Wrist shot by Linus Omark.
18:06 of 2nd period - Shot Misses the Net.
18:08 of 2nd period - Slapshot by Linus Omark.
18:08 of 2nd period - Shot Misses the Net.
18:18 of 2nd period - Nikita Zadorov is hit by Zach Hyman and loses puck.
19:01 of 2nd period - Olli Maatta is hit by Brayden McNabb and loses puck.
Goals for this period are 2 for Golden Knights vs 0 for Islanders.
Shots for this period are 13 for Golden Knights vs 6 for Islanders.
3rd period
0:01 of 3rd period - Brayden Schenn wins face-off versus Andrei Loktionov in neutral zone.
1:37 of 3rd period - Snap shot by Brendan Gallagher.
1:37 of 3rd period - Stopped by Joonas Korpisalo with a rebound.
1:39 of 3rd period - Snap shot by Marcus Johansson.
1:39 of 3rd period - Deflect By Brendan Gallagher.
1:39 of 3rd period - Stopped by Joonas Korpisalo with a rebound.
1:41 of 3rd period - Snap shot by Andrei Loktionov.
1:41 of 3rd period - Shot Blocked by Andrew Shaw.
1:43 of 3rd period - Snap shot by Andrei Loktionov.
1:43 of 3rd period - Shot Blocked by Dylan McIlrath.
2:02 of 3rd period - Icing by Jason Spezza.
2:03 of 3rd period - Anze Kopitar wins face-off versus Andrew Cogliano in Islanders zone.
2:26 of 3rd period - Wrist shot by Brock McGinn.
2:26 of 3rd period - Shot Blocked by Olli Maatta.
2:28 of 3rd period - Wrist shot by Jason Spezza.
2:28 of 3rd period - Shot Misses the Net.
2:30 of 3rd period - Slapshot by Dylan McIlrath.
2:30 of 3rd period - Shot Misses the Net.
2:32 of 3rd period - Slapshot by Adam Fox.
2:32 of 3rd period - Stopped by Cam Ward with a rebound.
2:34 of 3rd period - Slapshot by Dylan McIlrath.
2:34 of 3rd period - Deflect By Christopher Tanev.
2:34 of 3rd period - Stopped by Cam Ward with a rebound.
2:36 of 3rd period - Snap shot by Jason Spezza.
2:36 of 3rd period - Goal by Jason Spezza - Golden Knights : 4 - Islanders : 1.
2:37 of 3rd period - Brayden Schenn wins face-off versus Andrei Loktionov in neutral zone.
2:51 of 3rd period - Wrist shot by Andrei Loktionov.
2:51 of 3rd period - Shot Misses the Net.
3:28 of 3rd period - Wrist shot by Brady Skjei.
3:28 of 3rd period - Stopped by Joonas Korpisalo without a rebound.
3:29 of 3rd period - Brayden Schenn wins face-off versus Brandon Dubinsky in Islanders zone.
3:44 of 3rd period - Wrist shot by Brayden Schenn.
3:44 of 3rd period - Stopped by Cam Ward with a rebound.
4:21 of 3rd period - Christopher Tanev is hit by Jason Akeson and loses puck.
4:40 of 3rd period - Dylan McIlrath is hit by Christopher Tanev and loses puck.
4:49 of 3rd period - Snap shot by JT Compher.
4:49 of 3rd period - Shot Misses the Net.
5:08 of 3rd period - Minor Penalty to Andrew Shaw for Interference.
5:09 of 3rd period - Andrei Loktionov wins face-off versus Brayden Schenn in Islanders zone.
5:35 of 3rd period - Brayden Schenn is hit by Brady Skjei and loses puck.
5:44 of 3rd period - Snap shot by Alex Tuch.
5:44 of 3rd period - Shot Misses the Net.
5:56 of 3rd period - Snap shot by Brock McGinn.
5:56 of 3rd period - Shot Misses the Net.
7:01 of 3rd period - Anze Kopitar is hit by Ryan Nugent-Hopkins and loses puck.
7:08 of 3rd period - Penalty to Andrew Shaw is over, Andrew Shaw is back on ice.
7:16 of 3rd period - Wrist shot by Andrew Shaw.
7:16 of 3rd period - Stopped by Cam Ward without a rebound.
7:17 of 3rd period - Michael Latta wins face-off versus Frederick Gaudreau in Golden Knights zone.
7:42 of 3rd period - Yann Sauvé is hit by Jamie Oleksiak and loses puck.
7:49 of 3rd period - Slapshot by JT Compher.
7:49 of 3rd period - Stopped by Joonas Korpisalo with a rebound.
8:09 of 3rd period - Backhand shot by Brock McGinn.
8:09 of 3rd period - Stopped by Cam Ward with a rebound.
8:35 of 3rd period - Marcus Johansson is hit by Nikita Zadorov and loses puck.
8:40 of 3rd period - Snap shot by Jason Akeson.
8:40 of 3rd period - Shot Misses the Net.
8:42 of 3rd period - Wrist shot by Michael Latta.
8:42 of 3rd period - Deflect By Jason Akeson.
8:42 of 3rd period - Shot Blocked by Andrei Loktionov.
8:42 of 3rd period - Puck is out of play.
8:43 of 3rd period - Ryan Nugent-Hopkins wins face-off versus Brayden Schenn in Golden Knights zone.
9:12 of 3rd period - Backhand shot by Emerson Etem.
9:12 of 3rd period - Stopped by Cam Ward with a rebound.
9:14 of 3rd period - Snap shot by Michael Latta.
9:14 of 3rd period - Shot Misses the Net.
9:16 of 3rd period - Snap shot by Jason Akeson.
9:16 of 3rd period - Shot Misses the Net.
9:18 of 3rd period - Slapshot by Ryan Ellis.
9:18 of 3rd period - Stopped by Cam Ward without a rebound.
9:19 of 3rd period - Kellan Lain wins face-off versus Andrei Loktionov in Golden Knights zone.
9:22 of 3rd period - Snap shot by Kellan Lain.
9:22 of 3rd period - Shot Misses the Net.
9:24 of 3rd period - Backhand shot by Nikita Zadorov.
9:24 of 3rd period - Shot Misses the Net.
9:26 of 3rd period - Snap shot by Brayden McNabb.
9:26 of 3rd period - Stopped by Cam Ward without a rebound.
9:27 of 3rd period - Andrei Loktionov wins face-off versus Brayden Schenn in Golden Knights zone.
9:32 of 3rd period - Wrist shot by Kellan Lain.
9:32 of 3rd period - Stopped by Cam Ward with a rebound.
9:40 of 3rd period - Wrist shot by Marcus Johansson.
9:40 of 3rd period - Goal by Marcus Johansson - Golden Knights : 5 - Islanders : 1.
9:41 of 3rd period - Andrei Loktionov wins face-off versus Brayden Schenn in neutral zone.
9:52 of 3rd period - Slapshot by Brady Skjei.
9:52 of 3rd period - Stopped by Joonas Korpisalo with a rebound.
9:54 of 3rd period - Slapshot by Zach Bogosian.
9:54 of 3rd period - Stopped by Joonas Korpisalo with a rebound.
9:56 of 3rd period - Backhand shot by Zach Bogosian.
9:56 of 3rd period - Stopped by Joonas Korpisalo with a rebound.
9:58 of 3rd period - Snap shot by Andrei Loktionov.
9:58 of 3rd period - Stopped by Joonas Korpisalo without a rebound.
9:59 of 3rd period - Anze Kopitar wins face-off versus Ryan Nugent-Hopkins in Islanders zone.
10:13 of 3rd period - Off-side.
10:14 of 3rd period - Andrei Loktionov wins face-off versus Brayden Schenn in neutral zone.
10:48 of 3rd period - Off-side.
10:49 of 3rd period - Andrei Loktionov wins face-off versus Anze Kopitar in neutral zone.
11:04 of 3rd period - Snap shot by Andrei Loktionov.
11:04 of 3rd period - Stopped by Joonas Korpisalo without a rebound.
11:05 of 3rd period - Vladimir Tarasenko wins face-off versus Ryan Nugent-Hopkins in Islanders zone.
11:32 of 3rd period - Anze Kopitar is hit by Alex Tuch and loses puck.
11:54 of 3rd period - Off-side.
11:55 of 3rd period - Brendan Gallagher wins face-off versus Michael Latta in neutral zone.
12:24 of 3rd period - Olli Maatta is hit by Ryan Ellis and loses puck.
12:37 of 3rd period - Olli Maatta is hit by Ryan Ellis and loses puck.
12:50 of 3rd period - Jason Spezza is hit by Tyler Bertuzzi and loses puck.
13:15 of 3rd period - Slapshot by Andrew Shaw.
13:15 of 3rd period - Stopped by Cam Ward with a rebound.
13:17 of 3rd period - Snap shot by Brayden McNabb.
13:17 of 3rd period - Shot Blocked by Zach Bogosian.
13:33 of 3rd period - Slapshot by Brayden McNabb.
13:33 of 3rd period - Shot Blocked by Zach Bogosian.
13:35 of 3rd period - Snap shot by Michael Latta.
13:35 of 3rd period - Stopped by Cam Ward with a rebound.
13:37 of 3rd period - Backhand shot by Jason Akeson.
13:37 of 3rd period - Shot Blocked by Brady Skjei.
13:39 of 3rd period - Snap shot by Michael Latta.
13:39 of 3rd period - Stopped by Cam Ward without a rebound.
13:40 of 3rd period - Michael Latta wins face-off versus Andrei Loktionov in Golden Knights zone.
13:51 of 3rd period - Slapshot by Marcus Johansson.
13:51 of 3rd period - Shot Blocked by Yann Sauvé.
13:53 of 3rd period - Snap shot by Brendan Gallagher.
13:53 of 3rd period - Shot Blocked by Ryan Ellis.
13:55 of 3rd period - Snap shot by Andrei Loktionov.
13:55 of 3rd period - Stopped by Joonas Korpisalo without a rebound.
13:56 of 3rd period - Brayden Schenn wins face-off versus Ryan Nugent-Hopkins in Islanders zone.
14:07 of 3rd period - Slapshot by Zach Bogosian.
14:07 of 3rd period - Shot Misses the Net.
14:09 of 3rd period - Minor Penalty to Brayden Schenn for Cross-checking.
14:10 of 3rd period - Anze Kopitar wins face-off versus Andrei Loktionov in Islanders zone.
14:37 of 3rd period - Snap shot by Ryan Nugent-Hopkins.
14:37 of 3rd period - Stopped by Joonas Korpisalo with a rebound.
14:39 of 3rd period - Slapshot by Andrew Cogliano.
14:39 of 3rd period - Deflect By Alex Tuch.
14:39 of 3rd period - Shot Misses the Net.
14:39 of 3rd period - Puck is out of play.
14:40 of 3rd period - Anze Kopitar wins face-off versus Ryan Nugent-Hopkins in Islanders zone.
14:40 of 3rd period - Anze Kopitar is hit by Andrew Cogliano.
15:21 of 3rd period - Ryan Nugent-Hopkins is hit by Brock McGinn and loses puck.
15:32 of 3rd period - Andrew Cogliano is hit by Ryan Ellis and loses puck.
16:09 of 3rd period - Penalty to Brayden Schenn is over, Brayden Schenn is back on ice.
16:26 of 3rd period - Slapshot by Nikita Zadorov.
16:26 of 3rd period - Shot Blocked by Olli Maatta.
16:38 of 3rd period - Snap shot by Tyler Bertuzzi.
16:38 of 3rd period - Shot Misses the Net.
16:40 of 3rd period - Slapshot by Brandon Dubinsky.
16:40 of 3rd period - Stopped by Joonas Korpisalo with a rebound.
17:49 of 3rd period - Jamie Oleksiak is hit by Yann Sauvé and loses puck.
18:04 of 3rd period - Snap shot by Zach Hyman.
18:04 of 3rd period - Deflect By Andrew Cogliano.
18:04 of 3rd period - Shot Misses the Net.
18:04 of 3rd period - Puck is out of play.
18:05 of 3rd period - Melker Karlsson wins face-off versus Ryan Nugent-Hopkins in Islanders zone.
18:22 of 3rd period - Slapshot by Brady Skjei.
18:22 of 3rd period - Shot Blocked by Dylan McIlrath.
18:34 of 3rd period - Snap shot by Ryan Nugent-Hopkins.
18:34 of 3rd period - Stopped by Joonas Korpisalo with a rebound.
18:36 of 3rd period - Wrist shot by Olli Maatta.
18:36 of 3rd period - Shot Blocked by Dylan McIlrath.
18:38 of 3rd period - Snap shot by Ryan Nugent-Hopkins.
18:38 of 3rd period - Shot Misses the Net.
18:40 of 3rd period - Wrist shot by Zach Hyman.
18:40 of 3rd period - Stopped by Joonas Korpisalo without a rebound.
18:41 of 3rd period - Brayden Schenn wins face-off versus Andrei Loktionov in Islanders zone.
18:41 of 3rd period - Brayden Schenn is hit by Zach Bogosian.
18:51 of 3rd period - Snap shot by Marcus Johansson.
18:51 of 3rd period - Shot Misses the Net.
19:31 of 3rd period - Wrist shot by Linus Omark.
19:31 of 3rd period - Shot Blocked by Emerson Etem.
19:56 of 3rd period - Snap shot by Melker Karlsson.
19:56 of 3rd period - Deflect By Andrew Shaw.
19:56 of 3rd period - Shot Misses the Net.
19:56 of 3rd period - Puck is out of play.
19:57 of 3rd period - Andrei Loktionov wins face-off versus Brayden Schenn in Golden Knights zone.
19:59 of 3rd period - Minor Penalty to Andrei Loktionov for Tripping.
Goals for this period are 1 for Golden Knights vs 1 for Islanders.
Shots for this period are 15 for Golden Knights vs 13 for Islanders.
Goals for this period are 1 for Golden Knights vs 1 for Islanders.
Shots for this period are 15 for Golden Knights vs 13 for Islanders.
Output by the SimonT Hockey Simulator (STHS) for Francois Prevost